 Dungeon Crawl Stone Soup version 0.29-a0-451-gfbfa42419e (webtiles) character file.

Game seed: 7402029336474316465

14675 freelancePsychic the Fighter (level 11, -9/89 HPs)
             Began as a Demonspawn Chaos Knight on May 19, 2022.
             Was a High Priest of Lugonu.
             Shot with an arrow by Nessos (15 damage)
             ... while paralysed by an orc sorcerer
             ... on level 2 of the Orcish Mines.
             The game lasted 00:32:04 (12826 turns).

freelancePsychic the Fighter (DsCK)                Turns: 12826, Time: 00:32:05

Health: -9/89      AC:  9    Str: 11 (14) XL:     11   Next: 91%
Magic:  7/18       EV:  2    Int: 15      God:    Lugonu [*****.]
Gold:   1024       SH:  0    Dex: 13 (14) Spells: 11/19 levels left

rFire   . . .      SeeInvis .   a - +2 dagger (venom)
rCold   . . .      Faith    .   (no shield)
rNeg    . . .      Spirit   .   b - +2 leather armour
rPois   .          Reflect  .   t - +2 helmet
rElec   .          Harm     .   (no cloak)
rCorr   .          Rampage  .   (no gloves)
Will    .....                   g - +0 pair of boots
Stlth   +++.......              h - amulet of regeneration
HPRegen 1.04/turn               o - ring of flight
MPRegen 0.16/turn               C - ring of wizardry

@: paralysed, lethally poisoned (-9 -> -16), flying, studying Dodging
A: hooves 2, icemail 1, sturdy frame 2, condensation shield, demonic magic 2,
deterioration 2
a: Renounce Religion, Depart the Abyss, Bend Space, Banish, Corrupt, Enter the
Abyss


You were on level 2 of the Orcish Mines.
You worshipped Lugonu.
Lugonu was extremely pleased with you.
You visited 2 branches of the dungeon, and saw 13 of its levels.

You collected 1041 gold pieces.
You spent 17 gold pieces at shops.

Inventory:

Hand Weapons
 a - a +2 dagger of venom (weapon)
Missiles
 n - 4 throwing nets
Armour
 b - a +2 leather armour (worn)
 g - a +0 pair of boots (worn)
 t - a +2 helmet (worn)
 G - a +0 kite shield
 J - the +0 scale mail of Ru's Grace {rF+ Regen+}
   (You found it on level 8 of the Dungeon)

   rF:        It protects you from fire.
   Regen:     It increases your rate of health regeneration.
Magical Staves
 H - a staff of fire
Jewellery
 h - an amulet of regeneration (around neck)
 o - a ring of flight (left hand)
 C - a ring of wizardry (right hand)
 D - a ring of willpower
 E - a +6 ring of intelligence
Wands
 v - a wand of flame (45)
 x - a wand of charming (6)
 B - a wand of paralysis (4)
 F - a wand of acid (5)
Scrolls
 d - 3 scrolls of immolation
 e - 7 scrolls of teleportation {@r4}
 f - a scroll of brand weapon
 j - a scroll of magic mapping
 l - 2 scrolls of fear
 m - a scroll of poison
 y - 3 scrolls of amnesia
 z - 2 scrolls of noise
 A - a scroll of fog
 I - a scroll of torment
 L - a scroll of vulnerability {unknown}
 M - a scroll of enchant armour
Potions
 i - 3 potions of heal wounds {@q2}
 k - 5 potions of flight
 p - 8 potions of curing {@q1}
 q - a potion of cancellation {unknown}
 r - a potion of lignification {unknown}
 s - 5 potions of brilliance {unknown}
 u - 2 potions of degeneration {unknown}
 w - a potion of mutation {unknown}
 K - a potion of ambrosia {unknown}
Miscellaneous
 c - a piece from Xom's chessboard (15/15)


   Skills:
 + Level 9.5 Fighting
 - Level 4.8 Short Blades
 - Level 1.7 Armour
 + Level 8.8 Dodging
 - Level 5.0 Stealth
 - Level 4.9 Spellcasting
 - Level 4.1 Conjurations
 - Level 3.1 Transmutations
 - Level 3.1 Fire Magic
 - Level 3.7 Air Magic
 - Level 8.2 Poison Magic
 + Level 8.8 Invocations


You had 11 spell levels left.
You knew the following spells:

 Your Spells              Type           Power      Damage    Failure   Level
a - Shock                 Conj/Air       60%        1d6       1%          1
c - Ignite Poison         Fire/Tmut/Pois 18%        N/A       2%          3
d - Olgreb's Toxic Radia  Pois           28%        N/A       2%          4

Your spell library contained the following spells:

 Spells                   Type           Power      Damage    Failure   Level
 Wereblood                Tmut           13%        N/A       2%          2
 Mephitic Cloud           Conj/Pois/Air  19%        N/A       2%          3
 Necrotize                Necr           12%        1d4       7%          1
 Slow                     Hex            12%        N/A       7%          1
 Summon Small Mammal      Summ           12%        N/A       7%          1
 Sublimation of Blood     Necr           3%         N/A       11%         2
 Call Canine Familiar     Summ           3%         N/A       21%         3
 Confusing Touch          Hex            3%         N/A       21%         3
 Ozocubu's Armour         Ice            3%         N/A       21%         3
 Summon Guardian Golem    Hex/Summ       3%         N/A       21%         3
 Vampiric Draining        Necr           3%         2d6       21%         3
 Summon Lightning Spire   Summ/Air       9%         N/A       28%         4
 Freezing Cloud           Conj/Ice/Air   5%         6-21      50%         5
 Animate Dead             Necr           3%         N/A       52%         4
 Agony                    Necr           3%         N/A       86%         5
 Summon Cactus Giant      Summ           1%         N/A       100%        6
 Ozocubu's Refrigeration  Ice            1%         4d5       100%        7
 Storm Form               Tmut/Air       7%         N/A       100%        7
 Summon Hydra             Summ           1%         N/A       100%        7
 Ignition                 Fire           6%         3d4       100%        8
 Maxwell's Capacitive Co  Air            7%         ∞         100%        8
 Chain Lightning          Conj/Air       7%         3d10      100%        9


Dungeon Overview and Level Annotations

Branches:
Dungeon (11/15)            Temple (0/1) D:4            Lair (0/6) D:9
    Orc (2/2) D:9             Elf (0/3) Orc:2

Altars:
Ashenzari
Dithmenos
Fedhas
Nemelex Xobeh
Qazlal
Vehumet
The Shining One
Beogh
Lugonu

Shops:
D:1 *   D:4 ?   D:10 !   Orc:2 [(

Annotations:
Orc:2 Nessos


Innate Abilities, Weirdness & Mutations

You have hoof-like feet.
A meltable icy envelope protects you from harm. (AC +0)
Your movements are less encumbered by armour. (ER -4)
A meltable shield of frost defends you. (SH +0)
Spells you cast may paralyse nearby enemies.
Your body often deteriorates upon taking damage.


Message History

Your icy envelope is restored.
Nessos the Markscentaur comes into view.
Nessos wields a +3 longbow of flaming.
It bursts into flame!
Nessos shoots an arrow.
The arrow closely misses you.
The orc sorcerer hits you but does no damage.
Nessos shoots an arrow.
The arrow completely misses you.
Casting: Ignite Poison (mildly dangerous; 2% risk of failure)
Confirm with . or Enter, or press ? or * to list all spells.
You begin to radiate toxic energy.
The orc sorcerer shouts!
The orc sorcerer is poisoned. x2; Nessos is poisoned.
Malevolent energies surge around you.
Nessos looks even sicker.
Nessos intently looks at you, slowly moving their tail.
Nessos shoots an arrow.
The arrow closely misses you. The orc sorcerer casts a spell at you.
You suddenly lose the ability to move!
The orc sorcerer hits you but does no damage.
The orc sorcerer looks even sicker.
Nessos looks even sicker.
Your toxic aura wanes.
Nessos shoots an arrow.
The arrow hits you!!
Your body deteriorates!
You feel weakened.
Your icy defenses dissipate!
The arrow burns you!
You are poisoned.
Your body deteriorates!
You feel clumsy.
The orc sorcerer gestures at you while chanting.
The bolt of fire hits you!!
* * * LOW HITPOINT WARNING * * *
Nessos shoots an arrow.
The arrow barely misses you.
You feel sick.
Nessos shoots an arrow.
The arrow hits you!
* * * LOW HITPOINT WARNING * * *
The arrow burns you.
You are more poisoned.
* * * LOW HITPOINT WARNING * * *
The orc sorcerer hits you with a +3 dagger.
* * * LOW HITPOINT WARNING * * *
* * * LOW HITPOINT WARNING * * *
You feel very sick.
Nessos shoots an arrow.
The arrow hits you!
You die...
Xom snickers!

#.. #.# #.# #..#.))∩#.....
#..###.###.#######..#.)..#.....
#...................#.[).#.....
##..).......# #.#
#..##)###..... .....8..)8).#
#.# #...))........ #...o))))).#
#)# #)###'###.....
#..###)###)###.###.#.))))#.....
.... #)..o..o..#..)..#.....
#.....#.###@###.#.....#.....
#.._..#.# #.# #.#....∩#.....
#######.# #.# #.#######.....
........................
..).....................
...#..##..###########... ..#..c
..# ##.. #)... ..# ##.. ..)<.
.## #...


You could see Nessos (very poisoned) and 2 orc sorcerers.

Vanquished Creatures
  Snorg (D:10)
  Erolcha (D:10)
  5 two-headed ogres
  4 orc sorcerers (Orc:2)
  Joseph (D:10)
  A komodo dragon (D:9)
  A troll (Orc:1)
  A wyvern (D:8)
  A vampire (D:10)
  Sigmund (D:2)
  11 yaks
  A steam dragon (D:8)
  5 wargs
  3 water moccasins
  10 orc warriors
  A sky beast (D:6)
  2 ice beasts
  A black bear (D:6)
  4 ogres
  A centaur (D:7)
  4 bullfrogs
  A scorpion (D:6)
  A necrophage (D:5)
  2 gnoll sergeants
  5 wights (D:8)
  9 killer bees
  A howler monkey (D:9)
  9 orc priests
  5 hounds
  5 jellies
  An iguana (D:5)
  28 orc wizards
  18 gnolls
  14 adders
  A shadow imp (D:7)
  A dart slug (D:1)
  57 orcs
  4 endoplasms
  2 giant cockroaches
  6 goblins
  3 hobgoblins
  14 jackals
  9 quokkas
  2 ball pythons (D:4)
  3 bats
  A frilled lizard (D:1)
  4 kobolds
  5 rats (D:1)
271 creatures vanquished.

Vanquished Creatures (others)
  15 plants
15 creatures vanquished.

Grand Total: 286 creatures vanquished

Notes
Turn   | Place    | Note
-------+----------+-------------------------------------------
     0 | D:1      | freelancePsychic the Demonspawn Chaos Knight began the
                  | quest for the Orb.
     0 | D:1      | Reached XP level 1. HP: 18/18 MP: 1/1
   158 | D:1      | XOM: silly message
   346 | D:1      | Gained mutation: A meltable shield of frost defends you.
                  | (SH +0) [demonic ancestry]
   346 | D:1      | Reached XP level 2. HP: 23/24 MP: 2/2
   407 | D:1      | XOM: butterfly on damage
   525 | D:1      | XOM: 4-stop teleportation journey
   589 | D:1      | XOM: god gift: scroll labelled XOZAJO TOENU GAW {god gift}
   696 | D:1      | XOM: noise
   781 | D:1      | Found Acodutz's Assorted Antiques.
   787 | D:1      | XOM is BORED!
   791 | D:1      | Bought a scroll labelled LUOLAU KODIF for 17 gold pieces
   817 | D:1      | Found a faded altar of an unknown god.
   933 | D:1      | Prayed at the altar of an unknown god.
   933 | D:1      | Fell from the grace of Xom
   933 | D:1      | Became a worshipper of Lugonu the Unformed
   933 | D:1      | Reached * piety under Lugonu
   933 | D:1      | Reached ** piety under Lugonu
  1042 | D:1      | Got the Grimoire of Floating Companions
  1411 | D:1      | Gained mutation: You have large cloven feet. [demonic
                  | ancestry]
  1411 | D:1      | Reached XP level 3. HP: 28/29 MP: 3/3
  1792 | D:1      | Reached skill level 1 in Invocations
  1886 | D:2      | Noticed Sigmund
  1896 | D:2      | Killed Sigmund
  1897 | D:2      | Reached skill level 4 in Fighting
  1897 | D:2      | Gained mutation: You have hoof-like feet. [demonic
                  | ancestry]
  1897 | D:2      | Reached XP level 4. HP: 37/37 MP: 3/6
  1897 | D:2      | Gained mutation: Your movements are slightly less
                  | encumbered by armour. (ER -2) [demonic ancestry]
  1897 | D:2      | Reached XP level 5. HP: 42/42 MP: 3/7
  1995 | D:2      | Found a radiant altar of Vehumet.
  2460 | D:2      | Gained mutation: Spells you cast may paralyse adjacent
                  | enemies. [demonic ancestry]
  2460 | D:2      | Reached XP level 6. HP: 37/48 MP: 8/8
  2918 | D:3      | XOM: noise
  3017 | D:3      | Learned a level 1 spell: Shock
  3072 | D:3      | Reached *** piety under Lugonu
  3285 | D:3      | Identified a scroll of acquirement
  3285 | D:3      | Acquired a manual of Dodging
  3292 | D:3      | Reached skill level 1 in Stealth
  3526 | D:3      | Found a stormy altar of Qazlal.
  3527 | D:3      | Noticed a water elemental
  3529 | D:3      | Noticed a fire elemental
  3533 | D:3      | Noticed an air elemental
  3637 | D:4      | Found a broken altar of Ashenzari.
  3662 | D:4      | Reached skill level 1 in Conjurations
  3662 | D:4      | Reached skill level 1 in Air Magic
  3680 | D:4      | Noticed an ice beast
  3719 | D:4      | Killed an ice beast
  3720 | D:4      | Reached XP level 7. HP: 36/55 MP: 9/9
  3832 | D:4      | Found Womiyzeh's Magic Scroll Shoppe.
  3832 | D:4      | XOM: 2-stop teleportation journey
  4112 | D:4      | Found a staircase to the Ecumenical Temple.
  5003 | D:5      | Entered Level 5 of the Dungeon
  5225 | D:5      | Reached skill level 5 in Fighting
  5460 | D:5      | Gained mutation: Spells you cast may paralyse nearby
                  | enemies. [demonic ancestry]
  5460 | D:5      | Reached XP level 8. HP: 62/62 MP: 6/10
  6391 | D:6      | Reached skill level 5 in Stealth
  6448 | D:6      | Reached skill level 6 in Fighting
  7134 | D:7      | XOM: 3-stop teleportation journey
  7240 | D:7      | Reached skill level 1 in Poison Magic
  7448 | D:7      | Reached XP level 9. HP: 68/71 MP: 6/12
  7689 | D:7      | Found a shadowy altar of Dithmenos.
  7733 | D:7      | Reached skill level 5 in Invocations
  7757 | D:7      | Learned a level 4 spell: Olgreb's Toxic Radiance
  8000 | D:8      | Reached **** piety under Lugonu
  8102 | D:8      | Reached skill level 1 in Spellcasting
  8234 | D:8      | Reached skill level 1 in Transmutations
  8234 | D:8      | Reached skill level 1 in Fire Magic
  8301 | D:8      | Noticed a two-headed ogre
  8497 | D:8      | Identified the +0 scale mail of Ru's Grace {rF+ Regen+}
  8511 | D:8      | Noticed a two-headed ogre
  8633 | D:8      | XOM: divination: detect creatures
  8651 | D:8      | XOM: noise
  8714 | D:8      | Learned a level 3 spell: Ignite Poison
  8806 | D:8      | XOM: noise
  8884 | D:8      | XOM: noise
  8894 | D:8      | Killed a two-headed ogre
  8895 | D:8      | Reached skill level 5 in Poison Magic
  8898 | D:8      | XOM: noise
  8989 | D:8      | Killed a two-headed ogre
  8990 | D:8      | Gained mutation: Your movements are less encumbered by
                  | armour. (ER -4) [demonic ancestry]
  8990 | D:8      | Reached XP level 10. HP: 55/77 MP: 0/14
  9200 | D:9      | Got the Almanac of Burning Darkness
  9227 | D:9      | Reached skill level 1 in Dodging
  9474 | D:9      | Reached ***** piety under Lugonu
  9606 | D:9      | Reached skill level 7 in Fighting
  9760 | D:9      | Found a blossoming altar of Fedhas.
  9782 | D:9      | XOM: give mutations
  9782 | D:9      | Gained mutation: Your body sometimes deteriorates upon
                  | taking damage. [Xom's mischief]
  9782 | D:9      | Gained mutation: Your body often deteriorates upon taking
                  | damage. [Xom's mischief]
  9792 | D:9      | Found a staircase to the Lair.
 10012 | D:9      | Found a staircase to the Orcish Mines.
 10301 | D:9      | Found a sparkling altar of Nemelex Xobeh.
 10312 | D:9      | XOM: noise
 10326 | D:10     | Entered Level 10 of the Dungeon
 10475 | D:10     | Noticed Erolcha
 10475 | D:10     | Noticed Snorg
 10475 | D:10     | XOM: 1-stop teleportation journey
 10490 | D:10     | Killed Erolcha
 10508 | D:10     | Killed Snorg
 10616 | D:10     | XOM: noise
 10620 | D:10     | Reached skill level 5 in Dodging
 10620 | D:10     | Gained mutation: A meltable icy envelope protects you from
                  | harm. (AC +0) [demonic ancestry]
 10620 | D:10     | Reached XP level 11. HP: 85/85 MP: 6/18
 10714 | D:10     | Found Ziewkono's Distillery.
 10853 | D:10     | Noticed a two-headed ogre
 10858 | D:10     | Killed a two-headed ogre
 10869 | D:10     | Reached skill level 8 in Fighting
 10990 | D:10     | XOM: noise
 10990 | D:10     | Was forgiven by Xom
 11101 | D:10     | Noticed Joseph
 11113 | D:10     | Killed Joseph
 11440 | D:11     | Noticed a boulder beetle
 11487 | Orc:1    | Entered Level 1 of the Orcish Mines
 12029 | Orc:1    | You are sucked into a shaft and drop 1 floor!
 12029 | Orc:2    | Entered Level 2 of the Orcish Mines
 12097 | Orc:2    | Noticed an orc sorcerer
 12105 | Orc:2    | Noticed a sun demon
 12105 | Orc:2    | Killed an orc sorcerer
 12195 | Orc:2    | Noticed a two-headed ogre
 12200 | Orc:2    | Killed a two-headed ogre
 12299 | Orc:2    | Found a staircase to the Elven Halls.
 12404 | Orc:2    | Noticed a two-headed ogre
 12412 | Orc:2    | Killed a two-headed ogre
 12413 | Orc:2    | Reached skill level 9 in Fighting
 12555 | Orc:2    | Found Costruo's Armour Boutique.
 12555 | Orc:2    | Noticed an orc sorcerer
 12559 | Orc:2    | Killed an orc sorcerer
 12591 | Orc:2    | Noticed an orc sorcerer
 12591 | Orc:2    | Found Tiughuatz's Antique Weapon Emporium.
 12598 | Orc:2    | Killed an orc sorcerer
 12749 | Orc:2    | Noticed an orc sorcerer
 12752 | Orc:2    | Killed an orc sorcerer
 12807 | Orc:2    | Noticed an orc sorcerer
 12817 | Orc:2    | Noticed an orc sorcerer
 12820 | Orc:2    | Noticed Nessos
 12823 | Orc:2    | Paralysed by an orc sorcerer for 5 turns
 12826 | Orc:2    | Shot with an arrow by Nessos

Illustrated notes

Levels and vault maps discovered:
D:1:      kennysheep_arrival_forest, layout_basic, serial_shops,
          nicolae_lakefront_shop, basic_ecumenical_altar,
          minmay_misc_feat_ornament, minivault_14
D:2:      layout_basic, basic_altar, serial_co_window_serial,
          co_window_corner_a, co_window_paths_a, co_window_paths_a,
          co_window_of_opportunity_a, co_window_of_opportunity_a,
          co_window_of_opportunity_b, co_window_unsneaky_path_e,
          co_window_corner_b, co_window_corner_b, co_window_unsneaky_path_b,
          co_window_broadway_c, co_window_paths_d, glass_columns_a,
          glass_columns_a, glass_columns_b, glass_columns_c, glass_columns_a,
          uniq_sigmund
D:3:      layout_loops_cross, nicolae_qazlal_style_of_elements, tso_altar
D:4:      layout_layer_cave, cheibrodos_ashenzari_chains,
          minmay_temple_entry_slanted, nicolae_stop_n_shop_2,
          hangedman_decor_growths
D:5:      layout_loops_corners, chequers_big_river, solitary_fountain
D:6:      layout_gridville, nrook_mini_vaults, hellmonk_bongcloud_opening
D:7:      layout_gridville, grunt_dithmenos_shadows,
          chequers_serial_rivers_small_a, skrybe_limestone_x
D:8:      layout_loops_ring, david_defended_altar_orc
D:9:      layout_long_grid, nemelex_diamond_rough_becter, fedhas_ov_isle_minmay,
          david_lair_shrubbed, hiddenorc1_lemuel
D:10:     layout_loops_ring, serial_shops, shop, nzn_life_drinkers,
          uniq_erolcha, uniq_snorg, uniq_joseph
D:11:     layout_long_grid, ebering_ghost_gozag
Orc:1:    layout_diamond_mine
Orc:2:    st_orc_town, layout_caves, nicolae_orc_crystal_geode, uniq_maurice,
          uniq_nessos

Skill      XL: |  1  2  3  4  5  6  7  8  9 10 11 |
---------------+----------------------------------+-----
Short Blades   | 3 4 |  4.8
Invocations    | 2 3 4 5 8 |  8.8
Fighting       | 4 5 6 7 9 |  9.5
Stealth        | 2 4 5 |  5.0
Conjurations   | 1 2 4 |  4.1
Air Magic      | 1 2 3 |  3.7
Poison Magic   | 1 5 8 |  8.2
Spellcasting   | 3 4 |  4.9
Transmutations | 3 |  3.1
Fire Magic     | 3 |  3.1
Dodging        | 5 8 |  8.8
Armour         | |  1.7

Action                   |  1- 3 |  4- 6 |  7- 9 | 10-12 || total
-------------------------+-------+-------+-------+-------++-------
Melee: Dagger            |   143 |   149 |   107 |   185 ||   584
       Short sword       |     6 |       |       |       ||     6
       Kick              |     3 |    43 |     6 |       ||    52
       Punch             |     1 |     2 |       |     1 ||     4
 Cast: Shock             |       |       |   128 |     2 ||   130
       Olgreb's Toxic Ra |       |       |     2 |    41 ||    43
       Ignite Poison     |       |       |     2 |    30 ||    32
Invok: Bend Space        |       |       |     4 |     2 ||     6
       Banish            |       |       |       |     2 ||     2
Evoke: Piece from Xom's  |     6 |     7 |       |       ||    13
       Wand              |       |       |    11 |     6 ||    17
  Use: Scroll            |     3 |     5 |     9 |     4 ||    21
       Potion            |       |       |       |     2 ||     2
 Stab: Paralysed         |     3 |     1 |    48 |    19 ||    71
       Sleeping          |       |     1 |     8 |     3 ||    12
       Confused          |       |     1 |       |       ||     1
       Distracted        |       |       |       |     1 ||     1
Armor: Leather armour    |    45 |    48 |    36 |    37 ||   166
Dodge: Dodged            |    61 |    62 |    64 |    88 ||   275
Block: Other             |    19 |    15 |    27 |    21 ||    82

Table legend: (Time is in decaauts)
 A = Elapsed time spent in this place.
 B = Non-inter-level travel time spent in this place.
 C = Inter-level travel time spent in this place.
 D = Time resting spent in this place.
 E = Time spent auto-exploring this place.
 F = Levels seen in this place.
 G = Mean time per level.
                   A        B        C        D        E       F      G
               +--------+--------+--------+--------+--------+-----+--------+
         Total |  12707 |  12272 |    435 |    238 |  10111 |  13 |  977.5 |
       Dungeon |  11410 |  10975 |    435 |    108 |   9288 |  11 | 1037.3 |
  Orcish Mines |   1297 |   1297 |      0 |    130 |    823 |   2 |  648.5 |
               +--------+--------+--------+--------+--------+-----+--------+

Top non-repeatable levels by time:
     D:1: 1860 daAuts
     D:4: 1347 daAuts
     D:5: 1268 daAuts
     D:8: 1227 daAuts
     D:9: 1187 daAuts
    D:10: 1130 daAuts
     D:2: 1029 daAuts
     D:7: 890 daAuts
   Orc:2: 775 daAuts
     D:6: 756 daAuts
     D:3: 706 daAuts
   Orc:1: 522 daAuts
    D:11: 3 daAuts
